 Dungeon Crawl Stone Soup version 0.32-a0-42-ga30500b (webtiles) character file.

Game seed: 16547665974094997627

12 Dorkslayer the Ducker (level 2, -3/21 HPs)
             Began as an Octopode Fighter on Jan 28, 2024.
             Slain by a gnoll
             ... wielding a +0 whip
              (10 damage)
             ... on level 2 of the Dungeon.
             The game lasted 00:01:06 (410 turns).

Dorkslayer the Ducker (Octopode Fighter)             Turns: 410, Time: 00:01:07

Health: -3/21      AC:  1    Str: 15    XL:     2   Next: 33%
Magic:  2/2        EV: 13    Int: 10    God:
Gold:   53         SH:  4    Dex: 11    Spells: 1/1 levels left

rFire   . . .        a - +0 war axe
rCold   . . .        b - +0 buckler
rNeg    . . .        (helmet restricted)
rPois   .            (no amulet)
rElec   .            (no ring)
rCorr   .            (no ring)
SInv    .            (no ring)
Will    .....        (no ring)
Stlth   ++           (no ring)
HPRegen 0.23/turn    (no ring)
MPRegen 0.08/turn    (no ring)
                     (no ring)

%: no passive effects
@: no status effects
A: almost no armour, amphibious, 8 rings, camouflage 1, gelatinous body 1,
(nimble swimmer 1), tentacles
a: no special abilities


You were on level 2 of the Dungeon.
You visited 1 branch of the dungeon, and saw 2 of its levels.

You collected 53 gold pieces.

Inventory:

Hand Weapons
 a - a +0 war axe (weapon)
Armour
 b - a +0 buckler (worn)
Scrolls
 e - a scroll of enchant weapon {unknown}
 f - a scroll of teleportation {unknown}
 g - a scroll of brand weapon {unknown}
Potions
 c - a potion of might
 d - 2 potions of degeneration {unknown}


   Skills:
 + Level 3.1 Fighting
 + Level 2.2 Axes
 + Level 3.1 Dodging
 + Level 3.1 Shields
 * Level 0.5 Unarmed Combat


You had one spell level left.
You didn't know any spells.
Your spell library contained the following spells:

 Spells                   Type           Power      Damage    Failure   Level
 Vhi's Electric Charge    Tloc/Air       0%         N/A       99%         4
 Arcjolt                  Conj/Air       0%         1d10      100%        5
 Plasma Beam              Fire/Air       0%         2x1d10    100%        6


Dungeon Overview and Level Annotations

Branches:
Dungeon (2/15)

Altars:


Innate Abilities, Weirdness & Mutations

You cannot wear most types of armour.
You are amphibious.
You can wear up to eight rings at the same time.
Your skin changes colour to match your surroundings (Stealth+).
Your rubbery body absorbs attacks. (AC +1, EV +1)
((You are camouflaged when in or above water. (Stealth+)))
You have tentacles for arms and can constrict up to eight enemies at once.


Message History

You hit the rat.
You kill the rat!
Found a stone staircase leading down.
You see here a giant cockroach corpse.
You see here a +0 mace.
Done exploring.
There is a stone staircase leading down here.
You climb downwards.
Found a stone staircase leading down.
There is a stone staircase leading up here.
A kobold comes into view. It is wielding a +0 club.
Found a mace.
The kobold shouts!
You hear a shout!
A gnoll comes into view. It is wielding a +0 whip.
You miss the kobold.
The gnoll shouts!
Your grab misses the kobold. You block the kobold's attack.
You slash the kobold!
You kill the kobold!
A gnoll comes into view. It is wielding a +0 whip.
You closely miss the gnoll. Your grab misses the gnoll. You squeeze the gnoll.
The gnoll is heavily wounded.
The gnoll hits you with a +0 whip! The gnoll closely misses you.
You hit the gnoll. Your grab misses the gnoll.
The gnoll is almost dead.
A gnoll comes into view. It is wielding a +0 spear.
The gnoll hits you with a +0 whip. The gnoll hits you but does no damage.
You slash the gnoll! Your grab misses the gnoll. Your squeeze misses the gnoll.
The gnoll is severely wounded.
You completely miss the gnoll. The gnoll hits you but does no damage.
The gnoll hits you with a +0 whip.
A gnoll comes into view. It is wielding a +0 whip.
The gnoll closely misses you. The gnoll barely misses you.
The gnoll shouts!
You hit the gnoll. Your grab misses the gnoll.
The gnoll is almost dead.
You barely miss the gnoll.
You hear a shout!
The gnoll hits you with a +0 whip!
You die...

#.#.........####
#....>.<.......#
#.######.#####..
## ....# #.# #..
.# .#. # #.# #..
g# ....# #.# #.#
g#..#.# #.#####.#
#g#..#.# #.......#
#@#)# #.########.#
#g.## ##..........
#.#.###.########.#
#.##.#.## ###
#.###.## #.# #.#
... ..# ..##### ).


You could see 4 gnolls.

Vanquished Creatures
  3 bats (D:1)
  A giant cockroach (D:1)
  A hobgoblin (D:1)
  3 kobolds
  3 frilled lizards (D:1)
  A rat (D:1)
12 creatures vanquished.

Notes
Turn   | Place    | Note
-------+----------+-------------------------------------------
     0 | D:1      | Dorkslayer the Octopode Fighter began the quest for the
                  | Orb.
     0 | D:1      | Reached XP level 1. HP: 16/16 MP: 1/1
   174 | D:1      | Reached XP level 2. HP: 21/21 MP: 2/2
   410 | D:2      | Slain by a gnoll

Illustrated notes

Levels and vault maps discovered:
D:1:      ebering_hopf_link, layout_rooms, chequers_arboretum
D:2:      layout_loops_ring

Action                     || total
---------------------------++-------
  Melee: War axe           ||    30
         Constrict         ||     3
         Tentacles         ||     3
 Armour: Skin              ||    15
  Dodge: Dodged            ||    24
  Block: Buckler           ||     7

Table legend: (Time is in decaauts)
 A = Elapsed time spent in this place.
 B = Non-inter-level travel time spent in this place.
 C = Inter-level travel time spent in this place.
 D = Time resting spent in this place.
 E = Time spent auto-exploring this place.
 F = Levels seen in this place.
 G = Mean time per level.
                   A        B        C        D        E       F      G
               +--------+--------+--------+--------+--------+-----+--------+
         Total |    422 |    422 |      0 |      0 |    232 |   2 |  211.0 |
       Dungeon |    422 |    422 |      0 |      0 |    232 |   2 |  211.0 |
               +--------+--------+--------+--------+--------+-----+--------+

Top non-repeatable levels by time:
     D:1: 379 daAuts
     D:2: 43 daAuts
